cohdb
Replays
Latest Replays
All Replays
Popular Replays
Top Player Replays
Match Explorer
How It Works
Community
CoH3 Stats
Reddit
Sign in to upload your games and track your stats! →
Sign in with Steam
Match 45635740
Unlisted
Match 45635740
Overview
Messages
Build Orders
End
Construct Infanterie Kompanie
Kettenkrad Recon Vehicle
Selects Terror Battlegroup
Selects Machine Gun Camouflage
MG 42 Machine Gun Team
Grenadier Squad
Grenadier Squad
Construct Luftwaffe Kompanie
Jäger Squad
221 Scout Car
Selects Contempt for the Weak
Pioneer Squad
Medical Station
Support Elements
Jäger Squad
Wirbelwind Flakpanzer
Luftwaffe Officer Quarters
Jäger Squad
Construct Panzer Kompanie
Selects Jericho Trumpet
Selects V1 Rocket Strike
Selects Defend the Fatherland
Stoßtruppen Squad
V1 Rocket Strike
Panzer IV Medium Tank
Pioneer Squad
Panzer IV Medium Tank
Panzer Officer Quarters
Jericho Trumpet
Side Skirts
Pioneer Squad
Jericho Trumpet
Jericho Trumpet
Selects King Tiger Heavy Tank
King Tiger Heavy Tank
Nefris
welnez
TripleSSS
保持心态
.
Exf
Gravey
掉线学说
0
0
Comments
sign in to comment!
No comments posted yet!